 Dungeon Crawl Stone Soup version 0.21.1-1-g345015f (webtiles) character file.

142 shakethe the Cudgeler (level 5, -1/39 HPs)
             Began as a Demonspawn Gladiator on Feb 16, 2018.
             Was an Initiate of Okawaru.
             Slain by Crazy Yiuf
             ... wielding a +3 quarterstaff of chaos
              (2 damage)
             ... on level 2 of the Dungeon.
             The game lasted 00:04:01 (3257 turns).

shakethe the Cudgeler (Demonspawn Gladiator)        Turns: 3257, Time: 00:04:02

Health: -1/39      AC:  3    Str: 15    XL:     5   Next: 3%
Magic:  0/14       EV:  2    Int:  9    God:    Okawaru [......]
Gold:   124        SH:  0    Dex: 15    Spells: 4/4 levels left

rFire    . . .     SeeInvis .   a - +0 flail
rCold    . . .     Gourm    +   (no shield)
rNeg     + + +     Faith    .   b - +0 leather armour
rPois    ∞         Spirit   +   (helmet restricted)
rElec    .         Reflect  .   (no cloak)
rCorr    .         Harm     .   (no gloves)
MR       .....                  (no boots)
Stlth    +.........             h - amulet of the gourmand {Gourm, !d}
HPRegen  0.13/turn              k - ring of magical power {MP+9}
MPRegen  0.14/turn              (no ring)

@: petrified, slowed
A: horns 1, magic shield
a: Renounce Religion


You were on level 2 of the Dungeon.
You worshipped Okawaru.
Okawaru was noncommittal.
You were completely stuffed.

You visited 1 branch of the dungeon, and saw 2 of its levels.

You collected 124 gold pieces.

Inventory:

Hand Weapons
 a - a +0 flail (weapon)
 o - a +0 club
   (You took it off a gnoll on level 2 of the Dungeon)
Missiles
 d - 3 throwing nets {=f, !d}
Armour
 b - a +0 leather armour (worn)
 c - a +0 helmet
Jewellery
 h - an amulet of the gourmand (around neck) {Gourm, !d}
   (You found it on level 1 of the Dungeon)
 k - a ring of magical power (left hand) {MP+9}
   (You found it on level 1 of the Dungeon)
Scrolls
 e - 2 scrolls of random uselessness {unknown}
 j - a scroll of blinking {unknown}
 l - 3 scrolls of teleportation {unknown}
 m - 3 scrolls of remove curse {unknown}
 q - a scroll of magic mapping {unknown}
 r - a scroll of identify {unknown}
Potions
 g - a potion of lignification {unknown}
 i - a potion of mutation {unknown}
 p - a potion of flight {unknown}
Comestibles
 f - 3 rations


   Skills:
 - Level 2.4 Fighting
 * Level 4.1 Maces & Flails
 - Level 2.2 Throwing
 + Level 3.6 Dodging


You had 4 spell levels left.
You didn't know any spells.

Dungeon Overview and Level Annotations

Branches:
Dungeon (2/15)

Altars:
Nemelex Xobeh
Okawaru

Annotations:
D:2 Crazy Yiuf


Innate Abilities, Weirdness & Mutations

You have a pair of small horns on your head.
When hurt, damage is shared between your health and your magic reserves.


Message History

No target in view!
No target in view!
No target in view!
No target in view!
No target in view!
No target in view!
No target in view!
No target in view!
No target in view!
No target in view!
No target in view!
No target in view!
Eating a chunk of flesh {@w0}.
You eat the chunk of flesh {@w0}.
This raw flesh tastes great.
Things that are here:
a short sword; a kobold corpse
There is a stone staircase leading down here.
Found a sparkling altar of Nemelex Xobeh.
Health restored: 39; MP restored: 14 No target in view!
No target in view!
No target in view!
No target in view!
No target in view!
There is a fountain of sparkling water here.
There is a fountain of sparkling water here.
You see here 25 bolts.
Found an escape hatch in the ceiling.
No target in view!
No target in view!
No target in view!
No target in view!
No target in view!
No target in view!
No target in view!
No target in view!
No target in view!
No target in view!
No target in view!
No target in view!
No target in view!
No target in view!
No target in view!
No target in view!
No target in view!
No target in view!
No target in view!
There is a fountain of sparkling water here.
No target in view!
No target in view!
No target in view!
No target in view!
No target in view!
No target in view!
No target in view!
No target in view!
No target in view!
No target in view!
No target in view!
No target in view!
No target in view!
No target in view!
No target in view!
No target in view!
No target in view!
No target in view!
No target in view!
No target in view!
No target in view!
No target in view!
You open the door.
Crazy Yiuf the Enlightened comes into view.
He is wielding a quarterstaff of chaos.
Crazy Yiuf flaps his cloak.
There is an open door here.
Crazy Yiuf drinks a potion.
Crazy Yiuf seems to speed up.
You hit Crazy Yiuf. You headbutt Crazy Yiuf.
Crazy Yiuf hits you with a quarterstaff of chaos!
You convulse.
Crazy Yiuf hits you but does no damage.
You are slowing down.
You take 15 damage, and have 24/39 hp.
MASSIVE DAMAGE!!
You now have 8/14 mp.
You hit Crazy Yiuf. Crazy Yiuf closely misses you.
Crazy Yiuf hits you with a quarterstaff of chaos.
You have turned to stone.
Crazy Yiuf hits you with a quarterstaff of chaos!
You feel yourself slow down.
Crazy Yiuf sings, "Trees, trees, trees, circus!"
Crazy Yiuf hits you with a quarterstaff of chaos! x2
* * * LOW HITPOINT WARNING * * *
Crazy Yiuf burns you.
* * * LOW HITPOINT WARNING * * *
Crazy Yiuf hits you with a quarterstaff of chaos!
* * * LOW HITPOINT WARNING * * *
Crazy Yiuf burns you.
* * * LOW HITPOINT WARNING * * *
Crazy Yiuf hits you with a quarterstaff of chaos. x2
You die...

#........#.##.#..).....#.#
###........#.##..........#.#
.......#.....####<####.#.#.#
.......#...### ### #(#.#.#
...........# #.#.#.######
.......##### #####
#.#......... .......#####
#)..# #.#.........
.......##..# #.g.#
#.#.(....... .......##..#
#.@.# #.#....[....
.).....##..# ##'##
###......... .......##..#
♣.♣♣ #...........
#########..# ♣♣.♣
####........ #..# ♣.♣♣
#........ #..# ♣♣.♣
#....[... #..# ♣♣.♣♣
#........ #..# ♣♣P..♣
#........ ####..# ♣P..P♣
##.#####.


You could see Crazy Yiuf.

Vanquished Creatures
  4 gnolls (D:2)
  3 adders (D:2)
  4 oozes
  A worm (D:2)
  A dart slug (D:1)
  3 ball pythons
  4 giant cockroaches (D:2)
  4 hobgoblins
  A quokka (D:1)
  14 bats
  4 frilled lizards
  7 goblins (D:1)
  5 kobolds
  5 rats
60 creatures vanquished.

Notes
Turn   | Place    | Note
-------+----------+-------------------------------------------
     0 | D:1      | shakethe the Demonspawn Gladiator began the quest for the Orb.
     0 | D:1      | Reached XP level 1. HP: 16/16 MP: 1/1
   492 | D:1      | Reached skill level 2 in Throwing
   492 | D:1      | Gained mutation: You have a pair of small horns on your head. [demonic ancestry]
   492 | D:1      | Reached XP level 2. HP: 22/22 MP: 2/2
   688 | D:1      | Reached skill level 3 in Dodging
   694 | D:1      | Reached skill level 3 in Maces & Flails
   787 | D:1      | Gained mutation: When hurt, damage is shared between your health and your magic reserves. [demonic ancestry]
   787 | D:1      | Reached XP level 3. HP: 24/28 MP: 3/3
  1076 | D:2      | Found an iron altar of Okawaru.
  1085 | D:2      | Became a worshipper of Warmaster Okawaru
  1141 | D:2      | HP: 6/28 [worm (3)]
  1442 | D:2      | Reached XP level 4. HP: 15/34 MP: 2/4
  1795 | D:2      | HP: 8/34 [poisoned by an adder]
  1801 | D:2      | HP: 6/34 [poisoned by an adder]
  1807 | D:2      | HP: 5/34 [poisoned by an adder]
  1815 | D:2      | HP: 3/34 [poisoned by an adder]
  2441 | D:2      | HP: 8/34 [quokka (4)]
  2690 | D:2      | Reached skill level 4 in Maces & Flails
  2947 | D:2      | Reached XP level 5. HP: 33/39 MP: 5/5
  3003 | D:2      | Found a runed door.
  3074 | D:2      | Found a sparkling altar of Nemelex Xobeh.
  3249 | D:2      | Noticed Crazy Yiuf
  3255 | D:2      | HP: 8/39 [Crazy Yiuf/quarterstaff of chaos (6)]
  3256 | D:2      | HP: 3/39 [Crazy Yiuf/quarterstaff of chaos (4)]
  3256 | D:2      | HP: 1/39 [Crazy Yiuf/quarterstaff of chaos (2)]
  3257 | D:2      | Slain by Crazy Yiuf

Skill      XL: |  1  2  3  4 |
---------------+-------------+-----
Throwing       | 2 |  2.2
Dodging        | 3 |  3.6
Maces & Flails | 3 4 |  4.1
Fighting       | |  2.4

Action                   |  1- 3 |  4- 6 || total
-------------------------+-------+-------++-------
Melee: Flail             |   108 |    65 ||   173
       Headbutt          |    17 |    12 ||    29
 Stab: Sleeping          |     1 |       ||     1
  Eat: Chunk             |    13 |     7 ||    20
Armor: Leather armour    |    58 |    22 ||    80
Dodge: Dodged            |   115 |    83 ||   198

Vault maps used:
D:1:      dpeg_cavernosity, minmay_shallow_snake_nest
D:2:      okawaru_gym_becter, nemelex_xobeh_ov_fountains_minmay, st_stairs_5,
          uniq_crazy_yiuf_cottage

Table legend:
 A = Turns spent in this place as a percentage of turns spent in the entire game.
 B = Non-inter-level travel turns spent in this place as a percentage of non-inter-level travel turns spent in the entire game.
 C = Inter-level travel turns spent in this place as a percentage of turns spent in this place.
 D = Turns resting spent in this place as a percentage of non-inter-level travel turns spent in this place.
 E = Turns spent auto-exploring this place as a percentage of non-inter-level travel turns spent in this place.
 F = Non-inter-level travel turns spent in this place divided by the number of levels of this place that you've seen.
                   A       B       C       D       E      F
               +-------+-------+-------+-------+-------+----------------------
         Total | 100.0 | 100.0 |   1.6 |  39.0 |  42.2 | 1602.5
       Dungeon | 100.0 | 100.0 |   1.6 |  39.0 |  42.2 | 1602.5
               +-------+-------+-------+-------+-------+----------------------

Table legend:
 A = Kills in this place as a percentage of kills in entire the game.
 B = Kills by you in this place as a percentage of kills by you in the entire game.
 C = Kills by friends in this place as a percentage of kills by friends in the entire game.
 D = Other kills in this place as a percentage of other kills in the entire game.
 E = Experience gained in this place as a percentage of experience gained in the entire game.
 F = Experience gained in this place divided by the number of levels of this place that you have seen.
                   A       B       C       D       E      F
               +-------+-------+-------+-------+-------+----------------------
         Total | 100.0 | 100.0 |   N/A |   N/A | 100.0 | 101.5
       Dungeon | 100.0 | 100.0 |   N/A |   N/A | 100.0 | 101.5
               +-------+-------+-------+-------+-------+----------------------
